 Dungeon Sprint DCSS version 0.30.1-11-g7821555f0a (webtiles) character file.

Game seed: 11640462084791259020

77011 Groucho the Sorcerer (level 15, -14/88 HPs)
             Began as a Deep Elf Earth Elementalist on Jan 16, 2024.
             Was the Champion of Sif Muna.
             Killed from afar by Margery (59 damage)
             ... with a bolt of fire
             ... in the Dungeon (Sprint IX: "|||||||||||||||||||||||||||||") on Jan 17, 2024.
             The game lasted 01:15:51 (23593 turns).

Groucho the Sorcerer (Deep Elf Earth Elementalist) Turns: 23593, Time: 01:15:51

Health: -14/88     AC: 14    Str: 11    XL:     15   Next: 14%
Magic:  11/42      EV: 18    Int: 28    God:    Sif Muna [******]
Gold:   259        SH:  6    Dex: 15    Spells: 5/56 levels left

rFire   . . .        a - +9 rapier (drain)
rCold   + + .        u - +0 buckler
rNeg    . . .        e - +0 troll leather armour
rPois   +            K - +1 helmet
rElec   .            v - +0 cloak {rPois}
rCorr   +            D - +1 pair of gloves
SInv    .            w - +2 pair of boots
Will    +....        (no amulet)
Stlth   ++++         x - ring of Lohats {Fly rC++ rCorr}
HPRegen 1.14/turn    l - +6 ring of strength
MPRegen 0.28/turn

%: no teleportation
@: channelling, flying
A: no striking features
a: Renounce Religion, Channel Magic, Forget Spell, Divine Exegesis


You were in the Dungeon.
You worshipped Sif Muna.
Sif Muna was exalted by your worship.
You visited 1 branch You collected 1907 gold pieces.
You spent 1648 gold pieces at shops.

Inventory:

Hand Weapons
 a - a +9 rapier of draining (weapon)
 k - a +2 morningstar of protection
Missiles
 t - 4 throwing nets
Armour
 e - a +0 troll leather armour (worn)
 n - a +0 tower shield
 u - a +0 buckler (worn)
 v - a +0 cloak of poison resistance (worn)
 w - a +2 pair of boots (worn)
 D - a +1 pair of gloves (worn)
 J - the +0 pair of boots "Fannycs" {rF+}
   (You found it in the Dungeon)

   rF:        It protects you from fire.
 K - a +1 helmet (worn)
Jewellery
 l - a +6 ring of strength (right hand)
 x - the ring of Lohats (left hand) {Fly rC++ rCorr}
   (You bought it in a shop in the Dungeon)

   [ring of flight]

   rC:        It greatly protects you from cold.
   Fly:       It grants you flight.
   rCorr:     It protects you from acid and corrosion.
 y - a ring of poison resistance
 z - a ring of willpower
 A - a ring of protection from fire
 B - a ring of protection from cold
 G - a +4 ring of evasion
 H - a +6 ring of dexterity
 I - a ring of fire
Wands
 j - a wand of light (7)
 F - a wand of iceblast (11)
Scrolls
 i - 3 scrolls of amnesia
 o - a scroll of immolation
 p - 7 scrolls of identify
 r - 4 scrolls of fear
 s - 2 scrolls of enchant armour
 E - 3 scrolls of fog
 M - a scroll of blinking
Potions
 b - 3 potions of magic
 c - a potion of attraction {unknown}
 d - a potion of invisibility
 f - 2 potions of berserk rage
 g - 2 potions of might
 h - 6 potions of curing
 m - a potion of brilliance
 q - a potion of flight
 C - 2 potions of heal wounds


   Skills:
 - Level 8.0 Fighting
 - Level 10.0 Short Blades
 - Level 8.0 Armour
 - Level 14.0 Dodging
 - Level 10.0 Stealth
 - Level 8.0 Shields
 - Level 21.0 Spellcasting
 + Level 20.7 Conjurations
 - Level 6.0 Summonings
 - Level 15.0 Necromancy
 - Level 15.0 Transmutations
 - Level 13.0 Fire Magic
 + Level 20.7 Earth Magic
 - Level 10.0 Invocations


You had 5 spell levels left.
You knew the following spells:

 Your Spells              Type           Power      Damage    Failure   Level
a - Sandblast             Erth           100%       2d20      0%          1
b - Stone Arrow           Conj/Erth      100%       3d13      0%          3
c - Petrify               Tmut/Erth      92%        N/A       0%          4
d - Lee's Rapid Deconstr  Erth           49%        3d23*     0%          5
e - Iron Shot             Conj/Erth      49%        9d9       1%          6
f - Statue Form           Tmut/Erth      61%        N/A       1%          6
g - Irradiate             Conj/Tmut      46%        3d27      1%          5
h - Fireball              Conj/Fire      44%        3d18      1%          5
i - Lehudib's Crystal Sp  Conj/Erth      49%        10d12     3%          8
j - Borgnjor's Vile Clut  Necr/Erth      46%        N/A       1%          5
A - Call Canine Familiar  Summ           58%        N/A       1%          3

Your spell library contained the following spells:

 Spells                   Type           Power      Damage    Failure   Level
 Beastly Appendage        Tmut           100%       N/A       0%          1
 Foxfire                  Conj/Fire      100%       2x1d9     0%          1
 Kiss of Death            Conj/Necr      100%       2d13      0%          1
 Magic Dart               Conj           100%       1d8       0%          1
 Passwall                 Tmut/Erth      76%        N/A       0%          2
 Searing Ray              Conj           100%       2d8       0%          2
 Sublimation of Blood     Necr           85%        N/A       0%          2
 Wereblood                Tmut           85%        N/A       0%          2
 Iskenderun's Battlesphe  Conj           98%        2d14      0%          5
 Shock                    Conj/Air       100%       1d9       1%          1
 Sting                    Tmut/Pois      100%       1d8       1%          1
 Summon Small Mammal      Summ           100%       N/A       1%          1
 Call Imp                 Summ           100%       N/A       1%          2
 Momentum Strike          Conj/Tloc      100%       3d10      1%          2
 Static Discharge         Conj/Air       100%       2-7/arc   1%          2
 Ignite Poison            Fire/Tmut/Pois 69%        N/A       1%          3
 Mephitic Cloud           Conj/Pois/Air  61%        N/A       1%          3
 Spider Form              Tmut/Pois      63%        N/A       1%          3
 Summon Guardian Golem    Hex/Summ       46%        N/A       1%          3
 Volatile Blastmotes      Fire/Tloc      100%       2d18      1%          3
 Anguish                  Hex/Necr       31%        N/A       1%          4
 Animate Armour           Summ/Erth      100%       N/A       1%          4
 Animate Dead             Necr           85%        N/A       1%          4
 Dispel Undead            Necr           85%        3d27      1%          4
 Flame Wave               Conj/Fire      89%        2d19      1%          4
 Fulminant Prism          Conj/Hex       36%        3d18      1%          4
 Ice Form                 Ice/Tmut       63%        N/A       1%          4
 Iskenderun's Mystic Bla  Conj/Tloc      72%        2d15      1%          4
 Leda's Liquefaction      Hex/Erth       36%        N/A       1%          4
 Sticky Flame             Conj/Fire      89%        2d10      1%          4
 Arcjolt                  Conj/Air       36%        1d46      1%          5
 Blade Hands              Tmut           42%        N/A       1%          5
 Freeze                   Ice            100%       1d10      2%          1
 Alistair's Intoxication  Tmut/Pois      42%        N/A       2%          5
 Yara's Violent Unravell  Hex/Tmut       31%        3d13      2%          5
 Blink                    Tloc           58%        N/A       3%          2
 Lesser Beckoning         Tloc           58%        N/A       3%          2
 Freezing Cloud           Conj/Ice/Air   30%        6-21      3%          5
 Confusing Touch          Hex            29%        N/A       6%          3
 Teleport Other           Tloc           29%        N/A       6%          3
 Vhi's Electric Charge    Tloc/Air       58%        N/A       6%          3
 Summon Ice Beast         Ice/Summ       46%        N/A       6%          4
 Summon Lightning Spire   Summ/Air       46%        N/A       6%          4
 Summon Mana Viper        Hex/Summ       46%        N/A       17%         5
 Airstrike                Air            14%        2d(3-19)  22%         4
 Manifold Assault         Tloc           29%        N/A       22%         4
 Passage of Golubria      Tloc           29%        N/A       22%         4
 Metabolic Englaciation   Hex/Ice        14%        N/A       52%         5
 Starburst                Conj/Fire      44%        6d12      1%          6
 Orb of Destruction       Conj           49%        9d13      1%          7
 Dragon Form              Tmut           42%        N/A       3%          7
 Spellforged Servitor     Conj/Summ      40%        N/A       8%          7
 Eringya's Noxious Bog    Tmut/Pois      31%        N/A       16%         6
 Plasma Beam              Fire/Air       30%        2x1d47    22%         6
 Haunt                    Necr/Summ      36%        N/A       24%         7
 Summon Cactus Giant      Summ           29%        N/A       28%         6
 Shatter                  Erth           49%        3d37*     41%         9
 Ignition                 Fire           40%        3d12      56%         8
 Storm Form               Tmut/Air       31%        N/A       63%         7
 Monstrous Menagerie      Summ           29%        N/A       83%         7
 Summon Hydra             Summ           29%        N/A       83%         7
 Fire Storm               Conj/Fire      44%        8d11      91%         9
 Disjunction              Tloc           14%        N/A       100%        8
 Chain Lightning          Conj/Air       36%        3d48      100%        9
 Dragon's Call            Summ           29%        N/A       100%        9
 Polar Vortex             Ice            14%        N/A       100%        9


Dungeon Overview and Level Annotations

Branches:
Dungeon (1/1)

Altars:
Cheibriados
Dithmenos
Elyvilon
Fedhas
Gozag
Hepliaklqana
Kikubaaqudgha
Makhleb
Nemelex Xobeh
Okawaru
Qazlal
Ru
Sif Muna
Trog
Uskayaw
Vehumet
Wu Jian
Xom
Yredelemnul
Zin
The Shining One
Jiyva
Lugonu

Shops:
D =[[

Annotations:
D Margery


Message History

Press: ? - help, Dir - move target, p - Margery The zombie hands lose their grip on something.
As you read the scroll of blinking, it crumbles to dust.
Unknown command.
Unknown command.
Casting: Lehudib's Crystal Spear (dangerous; 3% risk of failure)
Confirm with . or Enter, or press ? or * to list all spells.
Aiming: Borgnjor's Vile Clutch (safe; 1% risk of failure)
Press: ? - help, Shift-Dir - straight line, f - Margery
Aim: Margery, wielding a +2 broad axe of draining and wearing +1 fire dragon scales (almost dead, soul bound, 100% to hit)
Zombie hands grab Margery.
The zombie hands constrict Margery!
Margery escapes!
Unknown command.
Unknown command.
Unknown command.
Casting: Borgnjor's Vile Clutch (safe; 1% risk of failure)
Confirm with . or Enter, or press ? or * to list all spells.
You don't have enough magic to cast this spell.
Unknown command.
Margery casts a spell at you.
The fireball explodes!
The fireball engulfs you!!!
* * * LOW HITPOINT WARNING * * *
You hear a roar!
You hear a deafening roar! x2; You hear a roar!
Unknown command.
Unknown command.
You feel much better.
You hear a roar!
Unknown command.
Unknown command.
Casting: Borgnjor's Vile Clutch (safe; 1% risk of failure)
Confirm with . or Enter, or press ? or * to list all spells.
Aiming: Borgnjor's Vile Clutch (safe; 1% risk of failure)
Press: ? - help, Shift-Dir - straight line, f/p - Margery
Aim: Margery, wielding a +2 broad axe of draining and wearing +1 fire dragon scales (almost dead, soul bound, 100% to hit)
Zombie hands grab Margery.
The zombie hands constrict Margery, but do no damage.
Margery casts a spell at you. The bolt of fire hits you!!!
Ouch! That really hurt!
You die...

▓.▓.▓.▓.▓.♣.♣.▓.▓.
▓.▓.▓.▓.▓.♣.♣.▓.▓.
▓.▓.▓.▓.▓.♣.♣.▓.▓.
▓.▓.▓.▓.▓.♣.♣.▓.▓.
▓.▓.▓.▓.▓(♣.♣.▓.▓.
▓.▓[▓.▓'▓.♣.♣.▓.▓.
▓.▓[▓.▓)▓.♣'♣.▓)▓.
♣.▓[▓.▓)▓)▓.▓.▓.▓.
♣@▓[▓.▓)▓.▓.▓.▓.▓.
♣.▓.▓.▓.▓)▓.▓.▓[▓.
♣.▓[▓.▓)▓.▓.▓.▓[▓.
♣.▓.▓.▓[▓.▓)▓.▓[▓.
♣@▓.▓.▓.▓.▓.▓.▓)▓.
♣.▓.▓.▓)▓.▓.▓.▓)▓.
♣p▓)▓.▓.▓.▓.▓.▓[▓.
♣:▓)▓.▓.▓.▓.▓.▓.▓.
♣)▓)▓.▓)▓.▓'▓.▓.▓.


You could see Margery (soul bound, clutched) and a necromancer.

Vanquished Creatures
  Mennas (D)
  Boris (D)
  Saint Roka (D)
  Xtahua (D)
  2 sphinxes (D)
  A thorn hunter (D)
  A fire giant (D)
  A ghost moth (D)
  Louise (D)
  4 very ugly things (D)
  An orc warlord (D)
  2 stone giants (D)
  4 ironbound preservers (D)
  A vampire knight (D)
  Nessos (D)
  A bunyip (D)
  2 spark wasps (D)
  2 ettins (D)
  3 merfolk impalers (D)
  2 fire dragons (D)
  A rakshasa (D)
  2 entropy weavers (D)
  5 ice dragons (D)
  2 hydras (D)
  Harold (D)
  2 centaur warriors (D)
  A peacekeeper (D)
  2 ironbound frosthearts (D)
  A merfolk aquamancer (D)
  2 ogre magi (D)
  9 two-headed ogres (D)
  2 alligators (D)
  2 tengu warriors (D)
  2 shock serpents (D)
  2 deep troll shamans (D)
  A vampire mage (D)
  3 hell knights (D)
  A salamander mystic (D)
  2 spriggan druids (D)
  2 ironbound convokers (D)
  2 glowing orange brains (D)
  A lindwurm (D)
  2 necromancers (D)
  2 wizards (D)
  A harpy (D)
  An ugly thing (D)
  A deep elf pyromancer (D)
  3 orc sorcerers (D)
  2 manticores (D)
  A moth of wrath (D)
  A wolf spider (D)
  A will-o-the-wisp (D)
  A naga mage (D)
  5 black mambas (D)
  2 vault sentinels (D)
  2 cane toads (D)
  A komodo dragon (D)
  A freezing wraith (D)
  3 rime drakes (D)
  An efreet (D)
  A yaktaur (D)
  A troll (D)
  A polar bear (D)
  2 tarantellas (D)
  A hornet (shapeshifter) (D)
  A bloated husk (D)
  2 wind drakes (D)
  A snapping turtle (D)
  3 blink frogs (D)
  A jumping spider (shapeshifter) (D)
  2 slime creatures (D)
  3 yaks (D)
  A water elemental (D)
  Eustachio (D)
  A basilisk (D)
  4 redbacks (D)
  A naga (D)
  2 wargs (D)
  2 hell hounds (D)
  2 water moccasins (D)
  10 orc warriors (D)
  6 ogres (D)
  5 wolves (D)
  2 bullfrogs (D)
  A howler monkey (D)
  A hound (D)
  3 orc priests (D)
  A jelly (D)
  An iguana (D)
  5 orc wizards (D)
  An adder (D)
  10 orcs (D)
  A giant cockroach (D)
  2 goblins (D)
  A kobold (D)
  A rat (D)
196 creatures vanquished.

Vanquished Creatures (others)
  2 foxfires (D)
2 creatures vanquished.

Grand Total: 198 creatures vanquished

Notes
Turn   | Place    | Note
-------+----------+-------------------------------------------
     0 | D        | Groucho the Deep Elf Earth Elementalist began the quest for
                  | the Orb.
     0 | D        | Reached XP level 1. HP: 10/10 MP: 6/6
     8 | D        | Reached skill level 1 in Conjurations
   742 | D        | Noticed a hound
   742 | D        | Noticed a jelly
   742 | D        | Noticed an ogre
   742 | D        | Noticed an iguana
   757 | D        | Killed an iguana
   758 | D        | Reached skill level 5 in Spellcasting
   758 | D        | Reached skill level 5 in Earth Magic
   758 | D        | Reached XP level 2. HP: 15/15 MP: 3/10
   758 | D        | Reached XP level 3. HP: 19/19 MP: 3/11
   764 | D        | Killed an ogre
   765 | D        | Reached skill level 6 in Spellcasting
   765 | D        | Reached skill level 5 in Conjurations
   765 | D        | Reached XP level 4. HP: 17/24 MP: 8/14
   767 | D        | Reached skill level 7 in Spellcasting
   767 | D        | Reached XP level 5. HP: 18/28 MP: 7/16
  1162 | D        | Found a snail-covered altar of Cheibriados.
  1162 | D        | Found a shadowy altar of Dithmenos.
  1162 | D        | Found a white marble altar of Elyvilon.
  1162 | D        | Found a blossoming altar of Fedhas.
  1162 | D        | Found an opulent altar of Gozag.
  1163 | D        | Found a hazy altar of Hepliaklqana.
  1164 | D        | Found a viscous altar of Jiyva.
  1165 | D        | Found an ancient bone altar of Kikubaaqudgha.
  1166 | D        | Found a corrupted altar of Lugonu.
  1167 | D        | Found a burning altar of Makhleb.
  1168 | D        | Found a sparkling altar of Nemelex Xobeh.
  1169 | D        | Found an iron altar of Okawaru.
  1170 | D        | Found a stormy altar of Qazlal.
  1171 | D        | Found a sacrificial altar of Ru.
  1172 | D        | Found a shimmering blue altar of Sif Muna.
  1173 | D        | Found a bloodstained altar of Trog.
  1174 | D        | Found a hide-covered altar of Uskayaw.
  1175 | D        | Found a radiant altar of Vehumet.
  1176 | D        | Found an ornate altar of the Wu Jian Council.
  1177 | D        | Found a shimmering altar of Xom.
  1178 | D        | Found a basalt altar of Yredelemnul.
  1179 | D        | Found a glowing silver altar of Zin.
  1180 | D        | Found a glowing golden altar of the Shining One.
  1182 | D        | Became a worshipper of Sif Muna the Loreminder
  1228 | D        | Learned a level 3 spell: Stone Arrow
  1233 | D        | Learned a level 4 spell: Petrify
  1233 | D        | Noticed a yak
  1233 | D        | Noticed a yak
  1233 | D        | Noticed a two-headed ogre
  1233 | D        | Noticed a troll
  1294 | D        | Killed a troll
  1295 | D        | Reached skill level 9 in Spellcasting
  1295 | D        | Reached XP level 6. HP: 18/32 MP: 3/20
  1535 | D        | Killed a two-headed ogre
  1536 | D        | Reached skill level 11 in Spellcasting
  1536 | D        | Reached XP level 7. HP: 36/36 MP: 11/23
  2020 | D        | Killed a yak
  2020 | D        | Reached * piety under Sif Muna
  2021 | D        | Reached XP level 8. HP: 41/41 MP: 18/25
  2944 | D        | Noticed a manticore
  2944 | D        | Noticed a tengu warrior
  2944 | D        | Noticed a cyan ugly thing
  2944 | D        | Noticed a six-headed hydra
  2944 | D        | Noticed an efreet
  3004 | D        | Killed an efreet
  3004 | D        | Reached ** piety under Sif Muna
  3005 | D        | Reached skill level 1 in Fighting
  3005 | D        | Reached skill level 1 in Short Blades
  3005 | D        | Reached skill level 1 in Armour
  3420 | D        | Noticed a hornet
  3434 | D        | Killed a hornet
  3435 | D        | Reached skill level 12 in Spellcasting
  3459 | D        | Killed a six-headed hydra
  3460 | D        | Reached skill level 10 in Conjurations
  3460 | D        | Reached XP level 9. HP: 49/49 MP: 14/27
  3493 | D        | Killed a cyan ugly thing
  3494 | D        | Reached skill level 5 in Dodging
  3494 | D        | Reached skill level 5 in Stealth
  3494 | D        | Reached skill level 5 in Transmutations
  3534 | D        | Killed a tengu warrior
  3534 | D        | Reached *** piety under Sif Muna
  3602 | D        | Killed a manticore
  3603 | D        | Reached skill level 13 in Spellcasting
  4002 | D        | Noticed a cane toad
  4002 | D        | Noticed a komodo dragon
  4063 | D        | Killed a komodo dragon
  4064 | D        | Reached XP level 10. HP: 55/56 MP: 26/29
  4078 | D        | Reached **** piety under Sif Muna
  4420 | D        | Killed a cane toad
  4467 | D        | Reached skill level 5 in Short Blades
  4538 | D        | Reached ***** piety under Sif Muna
  4538 | D        | Received a gift from Sif Muna
  4620 | D        | Noticed a black mamba
  4872 | D        | Killed a black mamba
  5303 | D        | Noticed a cane toad
  5318 | D        | Killed a cane toad
  5318 | D        | Received a gift from Sif Muna
  5319 | D        | Reached skill level 14 in Spellcasting
  5320 | D        | Reached skill level 5 in Fighting
  5320 | D        | Reached skill level 5 in Armour
  5320 | D        | Reached skill level 10 in Invocations
  5320 | D        | Got Sif Muna's Handbook of Aerial Erosion {god gift}
  5327 | D        | Learned a level 5 spell: Lee's Rapid Deconstruction
  6141 | D        | Reached skill level 15 in Earth Magic
  6543 | D        | Reached XP level 11. HP: 63/63 MP: 20/31
  6694 | D        | Received a gift from Sif Muna
  6695 | D        | Got Sif Muna's Volume of the Gathering and the Salvo {god
                  | gift}
  6703 | D        | Learned a level 6 spell: Iron Shot
  6710 | D        | Learned a level 6 spell: Statue Form
  6758 | D        | Noticed Eustachio
  6774 | D        | Killed Eustachio
  7017 | D        | Noticed Harold
  7034 | D        | Killed Harold
  7418 | D        | Received a gift from Sif Muna
  7812 | D        | Noticed an orc sorcerer
  8193 | D        | Received a gift from Sif Muna
  8254 | D        | Killed an orc sorcerer
  8371 | D        | Received a gift from Sif Muna
  8372 | D        | Got Sif Muna's Compilation of Unstable Arcane Weapons {god
                  | gift}
  8415 | D        | Reached ****** piety under Sif Muna
  8417 | D        | Noticed an orc sorcerer
  8663 | D        | Killed an orc sorcerer
  8664 | D        | Reached skill level 10 in Stealth
  8875 | D        | Found Xugulann's Antique Armour Boutique.
  8875 | D        | Noticed an ogre mage
  8875 | D        | Noticed a two-headed ogre
  8875 | D        | Noticed a two-headed ogre
  8875 | D        | Noticed a two-headed ogre
  9180 | D        | Killed a two-headed ogre
  9181 | D        | Reached skill level 15 in Spellcasting
  9226 | D        | Killed a two-headed ogre
  9238 | D        | Killed a two-headed ogre
  9312 | D        | Received a gift from Sif Muna
  9313 | D        | Got Sif Muna's Omnibus of Bolts and Hexing {god gift}
  9320 | D        | Learned a level 5 spell: Irradiate
  9366 | D        | Killed an ogre mage
  9629 | D        | Found Noqed's Armour Shop.
  9633 | D        | Found Icuethas's Jewellery Boutique.
  9637 | D        | Found Oweniyt's Magic Scroll Shop.
  9639 | D        | Noticed a two-headed ogre
  9640 | D        | Noticed a two-headed ogre
  9641 | D        | Noticed a two-headed ogre
  9642 | D        | Noticed a two-headed ogre
  9659 | D        | Killed a two-headed ogre
  9663 | D        | Killed a two-headed ogre
  9664 | D        | Reached skill level 10 in Transmutations
  9666 | D        | Killed a two-headed ogre
  9702 | D        | Noticed a two-headed ogre
  9706 | D        | Killed a two-headed ogre
  9707 | D        | Reached skill level 16 in Spellcasting
  9707 | D        | Reached XP level 12. HP: 72/72 MP: 10/34
  9744 | D        | Killed a two-headed ogre
  9744 | D        | Received a gift from Sif Muna
 10087 | D        | Bought a +0 buckler for 54 gold pieces
 10087 | D        | Bought a +0 cloak of poison resistance for 102 gold pieces
 10087 | D        | Bought a +2 pair of boots for 198 gold pieces
 10112 | D        | Bought a +6 ring of strength for 468 gold pieces
 10112 | D        | Bought the ring of Lohats {Fly rC++ rCorr} for 618 gold
                  | pieces
 10123 | D        | Bought a scroll of identify for 26 gold pieces
 10123 | D        | Bought a scroll of identify for 26 gold pieces
 10123 | D        | Bought a scroll of butterflies for 52 gold pieces
 10123 | D        | Bought a scroll of identify for 26 gold pieces
 10123 | D        | Bought a scroll of immolation for 52 gold pieces
 10123 | D        | Bought a scroll of identify for 26 gold pieces
 10328 | D        | Noticed a tengu warrior
 10328 | D        | Noticed an ogre mage
 10374 | D        | Paralysed by an ogre mage for 5 turns
 10382 | D        | Paralysed by an ogre mage for 5 turns
 10389 | D        | Killed an ogre mage
 10390 | D        | Reached skill level 1 in Shields
 10427 | D        | Killed a tengu warrior
 10724 | D        | Received a gift from Sif Muna
 10725 | D        | Got Limm's Precepts of Amathomancy and the Band {god gift}
 10730 | D        | Learned a level 3 spell: Call Canine Familiar
 10998 | D        | Noticed a centaur warrior
 11000 | D        | Noticed a cyan very ugly thing
 11024 | D        | Killed a cyan very ugly thing
 11030 | D        | Noticed an ice dragon
 11031 | D        | Killed a centaur warrior
 11040 | D        | Noticed a deep troll shaman
 11044 | D        | Killed an ice dragon
 11045 | D        | Reached skill level 10 in Short Blades
 11045 | D        | Reached skill level 17 in Spellcasting
 11063 | D        | Killed a deep troll shaman
 11272 | D        | Noticed a vampire knight
 11274 | D        | Noticed an ice dragon
 11281 | D        | Killed a vampire knight
 11292 | D        | Killed an ice dragon
 11468 | D        | Noticed a cyan very ugly thing
 11470 | D        | Noticed a red very ugly thing
 11479 | D        | Killed a cyan very ugly thing
 11479 | D        | Received a gift from Sif Muna
 11480 | D        | Got Sif Muna's Grimoire of the Productive Maleficium {god
                  | gift}
 11491 | D        | Killed a red very ugly thing
 11610 | D        | Noticed a merfolk impaler
 11917 | D        | Reached skill level 5 in Shields
 11917 | D        | Reached skill level 15 in Conjurations
 11917 | D        | Reached skill level 1 in Summonings
 12140 | D        | Killed a merfolk impaler
 12141 | D        | Reached skill level 18 in Spellcasting
 12618 | D        | Noticed a merfolk impaler
 12626 | D        | Killed a merfolk impaler
 12634 | D        | Noticed a merfolk aquamancer
 12648 | D        | Killed a merfolk aquamancer
 12648 | D        | Received a gift from Sif Muna
 12649 | D        | Reached XP level 13. HP: 65/76 MP: 7/37
 12649 | D        | Got Sif Muna's Writings on Relocated Fever {god gift}
 12662 | D        | Noticed a merfolk impaler
 12671 | D        | Killed a merfolk impaler
 13155 | D        | Killed a ghost moth
 13185 | D        | Received a gift from Sif Muna
 13186 | D        | Got Sif Muna's Octavo of Undead Moulding {god gift}
 13427 | D        | Reached skill level 5 in Summonings
 13809 | D        | Received a gift from Sif Muna
 13810 | D        | Reached skill level 19 in Spellcasting
 13810 | D        | Got Sif Muna's Grimoire of Power {god gift}
 13952 | D        | Noticed a bunyip
 13963 | D        | Killed a bunyip
 13989 | D        | Noticed a thorn hunter
 14001 | D        | Killed a thorn hunter
 14428 | D        | Received a gift from Sif Muna
 14429 | D        | Got Obliarr's Directory of the Burning Switch {god gift}
 14436 | D        | Learned a level 5 spell: Fireball
 14445 | D        | Learned a level 8 spell: Lehudib's Crystal Spear
 14558 | D        | Reached skill level 20 in Spellcasting
 14646 | D        | Reached skill level 15 in Transmutations
 15283 | D        | Noticed Saint Roka
 15300 | D        | Killed Saint Roka
 15300 | D        | Received a gift from Sif Muna
 15434 | D        | Noticed Nessos
 15449 | D        | Killed Nessos
 15519 | D        | Noticed a spark wasp
 15519 | D        | Noticed a stone giant
 15529 | D        | Received a gift from Sif Muna
 15535 | D        | Reached skill level 10 in Dodging
 15535 | D        | Got Sif Muna's Elucidation of the Impact {god gift}
 15966 | D        | Killed a stone giant
 16003 | D        | Killed a spark wasp
 16076 | D        | Reached XP level 14. HP: 82/82 MP: 13/40
 16221 | D        | Noticed a stone giant
 16298 | D        | Killed a stone giant
 16298 | D        | Received a gift from Sif Muna
 16299 | D        | Got Sif Muna's Folio of Hyperthermia {god gift}
 16627 | D        | Reached skill level 10 in Fire Magic
 16804 | D        | Noticed a fire giant
 16816 | D        | Killed a fire giant
 17804 | D        | Received a gift from Sif Muna
 19152 | D        | Received a gift from Sif Muna
 19153 | D        | Got Sif Muna's Octavo of Stony Energy {god gift}
 20172 | D        | Noticed an ironbound preserver
 20173 | D        | Noticed an ironbound preserver
 20174 | D        | Noticed a white very ugly thing
 20235 | D        | Killed an ironbound preserver
 20245 | D        | Killed an ironbound preserver
 20257 | D        | Killed a white very ugly thing
 20275 | D        | Received a gift from Sif Muna
 20276 | D        | Got Sif Muna's Compilation of the Icicle and the Undead
                  | {god gift}
 20283 | D        | Learned a level 5 spell: Borgnjor's Vile Clutch
 20299 | D        | Noticed an ironbound preserver
 20581 | D        | Got Sif Muna's Dissertation on Permutations {god gift}
 20839 | D        | Reached skill level 5 in Necromancy
 20907 | D        | Killed an ironbound preserver
 21115 | D        | Noticed an ironbound preserver
 21123 | D        | Noticed an orc warlord
 21124 | D        | Noticed a sphinx
 21124 | D        | Noticed a sphinx
 21132 | D        | Killed a sphinx
 21138 | D        | Reached skill level 10 in Necromancy
 21142 | D        | Killed an ironbound preserver
 21312 | D        | Killed a sphinx
 21482 | D        | Received a gift from Sif Muna
 21483 | D        | Got Nado's Almanac of the Dimensional Throng {god gift}
 21715 | D        | Killed an orc warlord
 21949 | D        | Noticed Boris
 21950 | D        | Noticed Mennas
 22007 | D        | Killed Boris
 22008 | D        | Reached skill level 15 in Necromancy
 22155 | D        | Killed Mennas
 22156 | D        | Reached XP level 15. HP: 88/88 MP: 8/41
 22818 | D        | Noticed Louise
 22829 | D        | Killed Louise
 23135 | D        | Noticed Xtahua
 23139 | D        | Paralysed by Xtahua for 2 turns
 23142 | D        | Killed Xtahua
 23461 | D        | Got the +0 pair of boots "Fannycs" {rF+}
 23571 | D        | Noticed Margery
 23586 | D        | Received a gift from Sif Muna
 23587 | D        | Reached skill level 21 in Spellcasting
 23593 | D        | Killed from afar by Margery

Illustrated notes

Levels and vault maps discovered:
D:        linesprint [early_d, line_temple, items_1, d_10, items_2, lair_1,
          lair_end, items_3, orc_1, orc_end, items_4, d_15, swamp_1, shoals_1,
          snake_1, spider_1, d_20, vaults_1, items_5, swamp_end, shoals_end,
          snake_end, spider_end, vaults_end, d_27, items_6, zot_1, zot_end,
          crypt_end, forest_end, elf_end, slime_end, tomb_end, abyss_end,
          pan_hell_end]

Skill      XL: |  1  2  3  4  5  6  7  8  9 10 11 12 13 14 15 |
---------------+----------------------------------------------+-----
Conjurations   | 3 5 7 8 9 10 11 13 15 17 20 | 20.7
Earth Magic    | 5 8 11 13 14 15 16 17 20 | 20.7
Spellcasting   | 5 6 7 9 11 12 13 14 16 18 20 21 | 21.0
Invocations    | 4 6 8 9 10 | 10.0
Transmutations | 2 4 6 7 10 12 15 | 15.0
Fighting       | 2 3 5 7 8 |  8.0
Short Blades   | 2 4 6 8 10 | 10.0
Armour         | 2 3 5 7 8 |  8.0
Dodging        | 4 6 7 12 14 | 14.0
Stealth        | 4 6 8 10 | 10.0
Shields        | 5 7 8 |  8.0
Summonings     | 3 5 6 |  6.0
Fire Magic     | 7 13 | 13.0
Necromancy     | 15 | 15.0

Action                     |  1- 3 |  4- 6 |  7- 9 | 10-12 | 13-15 || total
---------------------------+-------+-------+-------+-------+-------++-------
  Melee: Unarmed           |    15 |       |       |       |       ||    15
         Rapier            |       |       |    26 |   153 |   129 ||   308
   Cast: Sandblast         |    19 |     4 |       |       |       ||    23
         Stone Arrow       |       |     8 |    22 |     6 |    20 ||    56
         Petrify           |       |     2 |    18 |   130 |   116 ||   266
         Lee's Rapid Decon |       |       |       |    33 |    37 ||    70
         Iron Shot         |       |       |       |     4 |     8 ||    12
         Call Canine Famil |       |       |       |     3 |       ||     3
         Lehudib's Crystal |       |       |       |       |    15 ||    15
         Borgnjor's Vile C |       |       |       |       |    19 ||    19
         Irradiate         |       |       |       |       |     1 ||     1
 Invoke: Channel Magic     |       |       |       |     1 |     7 ||     8
  Evoke: Wand              |       |     3 |       |       |       ||     3
    Use: Potion            |     4 |       |     2 |     5 |    13 ||    24
         Scroll            |       |     1 |     5 |     2 |     6 ||    14
   Stab: Petrified         |       |       |    26 |   106 |    94 ||   226
         Petrifying        |       |       |       |     7 |     4 ||    11
 Armour: Robe              |     6 |     2 |       |       |       ||     8
         Troll leather arm |       |       |     2 |    25 |    18 ||    45
  Dodge: Dodged            |    15 |     6 |    13 |    44 |    33 ||   111
  Block: Buckler           |       |       |       |    11 |    24 ||    35
